[Event "Titled Tuesday Blitz June 21 Early 2022"]
[White "Barria Zuniga, Daniel"]
[Black "Ljukin, Sergei"]
[WhiteFideId "3400816"]
[BlackFideId "14102200"]
[WhiteElo "2414"]
[BlackElo "2312"]
[Result "0-1"]
[Round "10"]
[TimeControl "180+1"]
[Date "2022.06.22"]
[WhiteClock "0:00:08"]
[BlackClock "0:00:03"]

1. d4 d5 2. c4 c6 3. Nf3 Nf6 4. Nc3 dxc4 5. e3 b5 6. a4 b4 7. Na2 a5 8. Bxc4 e6 9. O-O Bb7 10. Qe2 Nbd7 11. Rd1 Be7 12. e4 O-O 13. Bg5 h6 14. Bh4 Re8 15. Nc1 Qb6 16. Nb3 c5 17. Bb5 Bxe4 18. Bxd7 Bxf3 19. Qxf3 Nxd7 20. Bxe7 cxd4 21. Rxd4 Ne5 22. Qe4 Nc6 23. Rd6 Rac8 24. Bh4 Qc7 25. Bg3 e5 26. Qd5 Ne7 27. Qxe5 Qc2 28. Nxa5 Nf5 29. Qb5 Nxd6 30. Bxd6 Red8 31. Nb7 Rd7 32. h3 Qxb2 33. Rf1 Rxd6 34. Nxd6 Rc1 35. a5 Rxf1+ 36. Kxf1 b3 0-1


[Site "https://www.chess.com"]

[Event "Titled Tuesday Blitz June 21 Early 2022"]
[White "Bharath Subramaniyam H"]
[Black "Tari, Aryan"]
[WhiteFideId "46634827"]
[BlackFideId "1510045"]
[WhiteElo "2242"]
[BlackElo "2567"]
[Result "1-0"]
[Round "10"]
[TimeControl "180+1"]
[Date "2022.06.21"]
[WhiteClock "0:00:20"]
[BlackClock "0:00:12"]

1. c4 e6 2. Nc3 d5 3. d4 c5 4. cxd5 cxd4 5. Qa4+ Bd7 6. Qxd4 exd5 7. Nf3 Nf6 8. Bg5 Nc6 9. Qd3 h6 10. Bh4 g5 11. Bg3 Qb6 12. O-O-O Rc8 13. Ne5 Nb4 14. Qb1 Ba4 15. e3 Ne4 16. Nc4 Qe6 17. Nxe4 dxe4 18. Rd4 Bc2 19. Qa1 Bg7 20. Nd6+ Ke7 21. Nxc8+ Rxc8 22. Bd6+ Ke8 23. Bxb4 Bd3+ 24. Bc3 Bxd4 25. exd4 Qf5 26. Bxd3 exd3 27. Re1+ Kd7 28. Qb1 Qxf2 29. Kd1 Rxc3 30. bxc3 d2 31. Qb5+ Kd6 32. Qc5+ 1-0


[Site "https://www.chess.com"]

[Event "Titled Tuesday Blitz June 21 Early 2022"]
[White "Borgaonkar Akshay"]
[Black "Mitrovic, Darko R"]
[WhiteFideId "25639110"]
[BlackFideId "927023"]
[WhiteElo "1660"]
[BlackElo "2150"]
[Result "1-0"]
[Round "10"]
[TimeControl "180+1"]
[Date "2022.06.22"]
[WhiteClock "0:01:18"]
[BlackClock "0:00:02"]

1. Nf3 Nf6 2. g3 g6 3. Bg2 Bg7 4. O-O O-O 5. c4 c5 6. Nc3 Nc6 7. e4 e5 8. d3 d6 9. a3 a5 10. h3 h6 11. g4 Be6 12. g5 hxg5 13. Nxg5 Nd4 14. Ne2 Nxe2+ 15. Qxe2 Nh5 16. Nxe6 fxe6 17. Qg4 Qf6 18. Bg5 Qf7 19. Rae1 Kh7 20. Re3 Bh6 21. Rf3 Qg7 22. Bxh6 Qxh6 23. Rxf8 Rxf8 24. Qxe6 Nf4 25. Qd7+ Kg8 26. Qg4 Nxd3 27. Qe6+ Rf7 28. Qxd6 Qd2 29. Qxg6+ Rg7 30. Qe8+ Kh7 31. Qh5+ Kg8 32. Qd1 Qg5 33. Qg4 Qf6 34. Qc8+ Kh7 35. Kh1 Nf4 36. Rg1 Qh4 37. Qf5+ Kh6 38. Qxe5 Rxg2 39. Qh8+ Kg5 40. Qxh4+ Kxh4 41. Rxg2 Nxg2 42. Kxg2 1-0


[Site "https://www.chess.com"]

[Event "Titled Tuesday Blitz June 21 Early 2022"]
[White "Borisova, Ekaterina"]
[Black "Rohith Krishna S"]
[WhiteFideId "34124184"]
[BlackFideId "46617051"]
[WhiteElo "2039"]
[BlackElo "2117"]
[Result "0-1"]
[Round "10"]
[TimeControl "180+1"]
[Date "2022.06.21"]
[WhiteClock "0:00:09"]
[BlackClock "0:00:20"]

1. d4 Nf6 2. c4 e5 3. dxe5 Ng4 4. Nf3 Bc5 5. e3 Nc6 6. Be2 O-O 7. O-O Ngxe5 8. Nxe5 Nxe5 9. Nc3 a6 10. Na4 Ba7 11. c5 d5 12. cxd6 cxd6 13. b3 Bf5 14. Ba3 Qg5 15. Kh1 Ng4 16. Qxd6 Rfd8 17. Qg3 h5 18. h3 Rd2 19. hxg4 hxg4 20. Nc3 Rc8 21. Rac1 Rc6 22. Kg1 Rh6 23. f4 Qf6 24. Rfd1 Qd8 25. Kf2 Re6 0-1


[Site "https://www.chess.com"]

[Event "Titled Tuesday Blitz June 21 Early 2022"]
[White "Bortnyk, Mykola"]
[Black "Starozhilov, Leonid"]
[WhiteFideId "14120836"]
[BlackFideId "14106752"]
[WhiteElo "2582"]
[BlackElo "2414"]
[Result "1-0"]
[Round "10"]
[TimeControl "180+1"]
[Date "2022.06.21"]
[WhiteClock "0:00:40"]
[BlackClock "0:00:01"]

1. e4 Nc6 2. Nf3 d6 3. d4 Nf6 4. Nc3 g6 5. Bb5 a6 6. Bxc6+ bxc6 7. O-O Bg7 8. e5 Nd7 9. Re1 O-O 10. Bf4 Rb8 11. Rb1 Nb6 12. h3 Nd5 13. Nxd5 cxd5 14. Qd2 Bf5 15. Nh4 Be6 16. Bh6 c5 17. Bxg7 Kxg7 18. Nf3 Bf5 19. exd6 Qxd6 20. dxc5 Qxc5 21. Nd4 Bd7 22. Qe3 Rbc8 23. c3 Rfe8 24. Rbd1 e5 25. Nf3 Qd6 26. Qd2 Bc6 27. Qg5 f6 28. Qg3 a5 29. h4 a4 30. h5 g5 31. b3 axb3 32. axb3 h6 33. c4 Qc5 34. cxd5 Bxd5 35. Nh4 Be6 36. Qd3 Rcd8 37. Qg6+ 1-0


[Site "https://www.chess.com"]

[Event "Titled Tuesday Blitz June 21 Early 2022"]
[White "Bortnyk, Olexandr"]
[Black "Lagno, Kateryna"]
[WhiteFideId "14120828"]
[BlackFideId "14109336"]
[WhiteElo "2723"]
[BlackElo "2522"]
[Result "1-0"]
[Round "10"]
[TimeControl "180+1"]
[Date "2022.06.21"]
[WhiteClock "0:00:30"]
[BlackClock "0:00:04"]

1. d4 Nf6 2. Nc3 d5 3. Bf4 g6 4. e3 Bg7 5. h4 h5 6. Nb5 Na6 7. Nf3 c6 8. Nc3 Nb8 9. Bd3 Bg4 10. Qd2 Nbd7 11. Ng5 b5 12. f3 Bf5 13. e4 dxe4 14. fxe4 Bg4 15. e5 b4 16. Bxg6 fxg6 17. exf6 bxc3 18. Qd3 Nxf6 19. Qxg6+ Kd7 20. Qxg7 cxb2 21. Rb1 Qa5+ 22. Kf2 Rag8 23. Qf7 Rf8 24. Qb3 Qa6 25. Kg3 Nd5 26. Be5 Nb6 27. Bxh8 Rxh8 28. Rhe1 Rf8 29. Rxe7+ Kxe7 30. Qb4+ Kd7 31. Qxf8 Qxa2 32. Qf7+ Qxf7 33. Nxf7 Na4 34. Ne5+ Ke6 35. Nxg4 hxg4 36. Kxg4 Kd5 37. h5 Kxd4 38. h6 Kc4 39. h7 Kc3 40. h8=Q+ Kxc2 41. Qh7+ Kb3 42. Qxa7 Nc3 43. Qb6+ 1-0


[Site "https://www.chess.com"]

[Event "Titled Tuesday Blitz June 21 Early 2022"]
[White "Bryakin, Mikhail"]
[Black "Volkov, Maksim"]
[WhiteFideId "4165314"]
[BlackFideId "54123070"]
[WhiteElo "2417"]
[BlackElo "2155"]
[Result "1/2-1/2"]
[Round "10"]
[TimeControl "180+1"]
[Date "2022.06.21"]
[WhiteClock "0:01:19"]
[BlackClock "0:00:07"]

1. e4 c5 2. b3 e5 3. Bb2 d6 4. Bb5+ Nc6 5. a4 g6 6. Nc3 a6 7. Bxc6+ bxc6 8. a5 Bg7 9. Nf3 f5 10. d3 Nf6 11. Nd2 fxe4 12. Ncxe4 Nxe4 13. Nxe4 O-O 14. Qe2 Qe7 15. Ba3 Rb8 16. h4 h6 17. h5 g5 18. O-O-O Be6 19. g3 Qd7 20. Rdf1 Rb5 21. Qd2 Bg4 22. f4 gxf4 23. gxf4 exf4 24. Rxf4 Rxf4 25. Qxf4 d5 26. Nf6+ Bxf6 27. Qxf6 Qe6 28. Qd8+ Kh7 29. Rf1 c4 30. Rf8 Qe1+ 31. Kb2 Rxb3+ 32. cxb3 c3+ 33. Ka2 Qd2+ 34. Ka1 Qd1+ 35. Ka2 Qc2+ 36. Ka1 Qd1+ 37. Ka2 Qc2+ 38. Ka1 Qd1+ 1/2-1/2


[Site "https://www.chess.com"]

[Event "Titled Tuesday Blitz June 21 Early 2022"]
[White "Cherniaiev, Tykhon"]
[Black "Alexiadis, Hristos"]
[WhiteFideId "14182360"]
[BlackFideId "4249623"]
[WhiteElo "2289"]
[BlackElo "2416"]
[Result "0-1"]
[Round "10"]
[TimeControl "180+1"]
[Date "2022.06.21"]
[WhiteClock "0:00:12"]
[BlackClock "0:00:05"]

1. Nf3 Nf6 2. d4 e6 3. c4 d5 4. g3 Bb4+ 5. Bd2 Be7 6. Qc2 Nbd7 7. Bg2 O-O 8. O-O c6 9. b3 b6 10. Nc3 a5 11. Rfe1 Ba6 12. Rad1 dxc4 13. bxc4 Bxc4 14. Ne5 Nxe5 15. dxe5 Nd5 16. Bc1 Qc8 17. Ne4 b5 18. Nd6 Bxd6 19. exd6 e5 20. e4 Nb4 21. Qc3 Qe6 22. Bb2 f6 23. a3 Na6 24. Qxa5 Nc5 25. Qc3 Rfd8 26. f4 Na4 27. Qd2 Nxb2 28. Qxb2 Rxd6 29. Qb4 Rad8 30. Rxd6 Qxd6 31. Qa5 Qd4+ 32. Kh1 Qd2 33. Qxd2 Rxd2 34. fxe5 fxe5 35. Rc1 Ra2 36. Bh3 Kf7 37. Bd7 c5 38. Rc3 Ke7 39. Bc6 Kd6 40. Be8 g6 41. h4 Be2 42. Rb3 Bc4 43. Rc3 Kc7 44. g4 Kb6 45. h5 gxh5 46. gxh5 Be6 47. h6 c4 48. Rf3 Kc5 49. Rg3 Kd4 50. Rg7 c3 51. Rxh7 c2 52. Rc7 Bc4 53. Rd7+ Ke3 54. Rg7 c1=Q+ 55. Rg1 Qd2 56. Rg3+ Kf4 57. h7 Qh2# 0-1


[Site "https://www.chess.com"]

[Event "Titled Tuesday Blitz June 21 Early 2022"]
[White "Chernomordik, Pavel"]
[Black "Aradhya, Garg"]
[WhiteFideId "2804530"]
[BlackFideId "25006746"]
[WhiteElo "2220"]
[BlackElo "2203"]
[Result "0-1"]
[Round "10"]
[TimeControl "180+1"]
[Date "2022.06.22"]
[WhiteClock "0:00:01"]
[BlackClock "0:01:47"]

1. e4 e5 2. Nf3 Nc6 3. Bb5 a6 4. Ba4 Nf6 5. Qe2 b5 6. Bb3 Bc5 7. a4 b4 8. Bxf7+ Kxf7 9. Qc4+ d5 10. Qxc5 Qd6 11. Qxd6 cxd6 12. exd5 Nxd5 13. d3 Bf5 14. O-O b3 15. cxb3 Ndb4 16. Nc3 Bxd3 17. Rd1 e4 18. Nxe4 Rad8 19. Bf4 d5 20. Nd6+ Kg6 21. Nb7 Rde8 22. Nc5 Be2 23. Rd2 Bxf3 24. gxf3 Rhf8 25. Be3 Rxf3 26. Kg2 Rf5 27. Rc1 Na2 28. Rcd1 d4 29. Bxd4 Nxd4 30. Rxd4 Rxc5 31. Rd6+ Kh5 32. R1d5+ Rxd5 33. Rxd5+ g5 34. f4 h6 35. fxg5 hxg5 36. Kf3 Rb8 37. Rd6 Rxb3+ 38. Kg2 Rxb2+ 39. Kg3 Rb3+ 40. Kg2 Nb4 41. Rb6 Rb1 42. a5 Kg4 43. h3+ Kf4 44. Rf6+ Ke4 45. Rg6 Nd3 46. Rxg5 Nf4+ 47. Kh2 Rb2+ 48. Kh1 Rb1+ 49. Kh2 Rb2+ 50. Kh1 Rb5 51. Rg3 Rxa5 52. h4 Rh5 53. Ra3 Rxh4+ 54. Kg1 Rh6 55. Kf2 Rh2+ 56. Kg3 Rh3+ 0-1


[Site "https://www.chess.com"]

[Event "Titled Tuesday Blitz June 21 Early 2022"]
[White "Chigaev, Maksim"]
[Black "Lazavik, Denis"]
[WhiteFideId "4108116"]
[BlackFideId "13515110"]
[WhiteElo "2457"]
[BlackElo "2437"]
[Result "1/2-1/2"]
[Round "10"]
[TimeControl "180+1"]
[Date "2022.06.21"]
[WhiteClock "0:00:12"]
[BlackClock "0:00:09"]

1. e4 c5 2. Nf3 e6 3. Nc3 Nc6 4. Bb5 Nd4 5. Bc4 Nf6 6. O-O a6 7. Re1 b5 8. Bf1 Bb7 9. d3 Nxf3+ 10. Qxf3 Qc7 11. a4 b4 12. Nd1 Be7 13. Bf4 d6 14. Ne3 O-O 15. Nc4 a5 16. Qg3 e5 17. Bh6 Ne8 18. c3 Kh8 19. Bd2 Nf6 20. Ne3 Bc8 21. Be2 Be6 22. h3 Nd7 23. Bg4 Rae8 24. Qf3 Qd8 25. g3 Nb8 26. Qe2 Nc6 27. Rac1 Bg5 28. h4 Bxe3 29. Bxe3 Qd7 30. Bf3 f5 31. exf5 Bxf5 32. Qd1 Be6 33. Bg2 Bg8 34. Kh2 Ne7 35. d4 exd4 36. cxd4 c4 37. d5 Rc8 38. Bb6 Qb7 39. Bd4 Nxd5 40. Qg4 Rcd8 41. Rcd1 Qd7 42. Qg5 Nf6 43. Kg1 h6 44. Qxa5 b3 45. Qc3 Qf7 46. a5 d5 47. a6 Bh7 48. a7 Be4 49. f3 Bf5 50. Re5 Bh7 51. Rde1 Rd7 52. Qa5 Ra8 53. Qc5 Rdxa7 54. Re7 Rxe7 55. Rxe7 Qf8 56. Qc7 Rc8 57. Qa7 Ra8 58. Qb7 Rb8 59. Qc7 Rc8 60. Qe5 Re8 61. Rxe8 Qxe8 62. Qc7 Qf8 63. g4 Bg8 64. h5 Nh7 65. Qe5 Ng5 66. Kf2 Ne6 67. Be3 d4 68. Bxh6 c3 69. Bc1 cxb2 70. Bxb2 d3 71. h6 d2 72. hxg7+ Nxg7 73. Qh5+ Bh7 74. Qd5 Bg6 75. Qxd2 Kh7 76. Bf1 Qc5+ 77. Kg2 Ne6 78. Qc3 Nf4+ 79. Kg3 Qxc3 80. Bxc3 Nd3 81. Bxd3 Bxd3 82. Kf4 Be2 83. Ke3 Bd1 84. Kf2 Kg6 85. Kg3 Be2 86. Bb2 Bc4 87. f4 Be6 88. Bc3 Bd7 89. Kf3 Bc8 90. Kg3 Bd7 91. Kf3 Bc8 92. Bb2 Bd7 93. Kg3 Bc8 94. Kh4 Bd7 95. Bd4 Bc8 96. Bb2 Bd7 97. Kg3 Bc8 98. Kh4 1/2-1/2


[Site "https://www.chess.com"]

[Event "Titled Tuesday Blitz June 21 Early 2022"]
[White "Corrales Jimenez, Fidel"]
[Black "Bluebaum, Matthias"]
[WhiteFideId "3506690"]
[BlackFideId "24651516"]
[WhiteElo "2541"]
[BlackElo "2556"]
[Result "1-0"]
[Round "10"]
[TimeControl "180+1"]
[Date "2022.06.21"]
[WhiteClock "0:01:55"]
[BlackClock "0:00:03"]

1. d4 Nf6 2. c4 e6 3. Nc3 d5 4. cxd5 exd5 5. Bg5 c6 6. e3 h6 7. Bh4 Be7 8. Bxf6 Bxf6 9. Bd3 O-O 10. Nf3 Re8 11. O-O Nd7 12. a3 Nb6 13. h3 g6 14. Qc2 Bg7 15. Na4 Nxa4 16. Qxa4 Be6 17. b4 a6 18. Rac1 Bd7 19. Qc2 Qb6 20. Rb1 Bf8 21. Ne5 Be6 22. Bxg6 fxg6 23. Qxg6+ Bg7 24. f4 Qc7 25. f5 Bf7 26. Qg4 Kh8 27. f6 Bf8 28. Rf3 Rxe5 29. dxe5 Qxe5 30. Rbf1 Qe6 31. Qh4 Re8 32. Rg3 Qe4 33. Rf4 Qe5 34. Rfg4 Kh7 35. Rg7+ Bxg7 36. Rxg7+ Kh8 37. Rxf7 Qxe3+ 38. Kh2 Qe5+ 39. Qg3 Qxg3+ 40. Kxg3 Re3+ 41. Kf4 Rxa3 42. Rxb7 Kg8 43. h4 Rb3 44. g4 a5 45. Kf5 Rxb4 46. Ra7 a4 47. g5 hxg5 48. hxg5 a3 49. g6 Rb5 50. Ra8+ Rb8 51. Rxb8# 1-0


[Site "https://www.chess.com"]

[Event "Titled Tuesday Blitz June 21 Early 2022"]
[White "Costachi, Mihnea"]
[Black "Pinheiro, Iung Alicio de O."]
[WhiteFideId "1217518"]
[BlackFideId "2104350"]
[WhiteElo "2476"]
[BlackElo "2283"]
[Result "0-1"]
[Round "10"]
[TimeControl "180+1"]
[Date "2022.06.21"]
[WhiteClock "0:01:13"]
[BlackClock "0:00:35"]

1. e4 c5 2. Nf3 Nc6 3. d4 cxd4 4. Nxd4 e5 5. Nb5 d6 6. N1c3 a6 7. Na3 b5 8. Nd5 Nge7 9. c3 Nxd5 10. exd5 Ne7 11. Nc2 Bd7 12. Be2 g6 13. h4 h6 14. Be3 Nf5 15. h5 Bg7 16. Qd3 g5 17. Bg4 Qc8 18. Bf3 Nh4 19. Bb6 f5 20. O-O-O O-O 21. Rhe1 e4 22. Bxe4 fxe4 23. Qxe4 Bf5 24. Qe7 Qd7 25. g3 Nf3 26. Qxd7 Bxd7 27. Re7 Rf7 28. Rxf7 Kxf7 29. Ne3 Rc8 30. a3 Ne5 31. Bd4 Nc4 32. Nxc4 Rxc4 33. Bxg7 Kxg7 34. Re1 Kf7 35. Kc2 Bg4 36. Kd3 Rc5 37. Kd4 Bf3 38. Ke3 Bxd5 39. Rd1 Ke6 40. Kd4 Bb3 41. Re1+ Re5 42. Rf1 Bc2 43. f3 g4 44. c4 gxf3 45. cxb5 axb5 46. Rxf3 Bd1 47. Rf8 Bxh5 48. Rh8 Rd5+ 49. Kc3 Rg5 50. Rxh6+ Bg6 51. Kb4 Kd7 52. Ka5 Kc6 53. b4 Rxg3 54. Rh3 Rxh3 0-1


[Site "https://www.chess.com"]

[Event "Titled Tuesday Blitz June 21 Early 2022"]
[White "Coto Mederos, Michel"]
[Black "Namitbir Singh Walia"]
[WhiteFideId "3508528"]
[BlackFideId "35071068"]
[WhiteElo "2427"]
[BlackElo "1565"]
[Result "0-1"]
[Round "10"]
[TimeControl "180+1"]
[Date "2022.06.22"]
[WhiteClock "0:00:09"]
[BlackClock "0:00:32"]

1. c4 e5 2. Nc3 Nc6 3. g3 f5 4. Bg2 Nf6 5. e3 d5 6. cxd5 Nb4 7. d3 Nbxd5 8. Nf3 Bd6 9. O-O Nxc3 10. bxc3 O-O 11. c4 Qe8 12. Bb2 c6 13. Qb3 Kh8 14. Rfd1 Bc7 15. d4 e4 16. Ne5 Nd7 17. Nxd7 Qxd7 18. d5 c5 19. d6 Bd8 20. Rd5 b6 21. Rad1 Bb7 22. R5d2 Bf6 23. Bxf6 Rxf6 24. Qc3 Rd8 25. Qe5 Kg8 26. h4 Re8 27. Qf4 Bc6 28. Bh3 g6 29. h5 Ba4 30. Rb1 Ree6 31. hxg6 hxg6 32. Kg2 Rxd6 33. Rxd6 Qxd6 34. Qg5 Rf7 35. Rh1 Bd1 36. Kh2 Bf3 37. Rb1 Qf6 38. Qxf6 Rxf6 39. Bg2 Bxg2 40. Kxg2 Rd6 41. Rb2 Rd3 42. Rc2 Kf7 43. Kf1 Kf6 44. Ke2 Ke5 45. Rc1 Ra3 46. Rc2 g5 47. Kd2 Rd3+ 48. Ke2 f4 49. gxf4+ gxf4 50. exf4+ Kxf4 51. a4 Ra3 52. Rb2 Rxa4 53. Rc2 Ra3 54. Rb2 Rc3 55. Ra2 Rxc4 56. Rxa7 Rc2+ 57. Ke1 Rb2 58. Rf7+ Ke5 59. Re7+ Kd5 60. Rd7+ Kc4 61. Re7 Kd4 62. Rd7+ Kc3 63. Re7 Rb4 64. Ke2 b5 65. Re5 Rc4 66. Ke3 b4 67. Re8 b3 68. Rb8 Rb4 0-1


[Site "https://www.chess.com"]

[Event "Titled Tuesday Blitz June 21 Early 2022"]
[White "Curtis, John"]
[Black "Carrasco Miranda, Andres"]
[WhiteFideId "3200256"]
[BlackFideId "3405990"]
[WhiteElo "2203"]
[BlackElo "2177"]
[Result "0-1"]
[Round "10"]
[TimeControl "180+1"]
[Date "2022.06.22"]
[WhiteClock "0:00:19"]
[BlackClock "0:00:21"]

1. d4 Nf6 2. Nf3 g6 3. g3 Bg7 4. Bg2 O-O 5. O-O d5 6. c4 c6 7. Qc2 Bf5 8. Qb3 Qb6 9. Qxb6 axb6 10. cxd5 Nxd5 11. Nc3 Nb4 12. e4 Bg4 13. Be3 Nc2 14. Rad1 Nxe3 15. fxe3 b5 16. a3 Nd7 17. h3 Bxf3 18. Bxf3 Nb6 19. Rd3 Nc4 20. Nd1 Rfd8 21. e5 Nxe5 22. Rb3 Nc4 23. Rf2 e5 24. d5 cxd5 25. Rxb5 e4 26. Be2 Bh6 27. Bxc4 dxc4 28. Rf1 b6 29. Re1 Rd3 30. Rb4 Rad8 31. Nf2 Bxe3 32. Rxc4 Rd1 33. Kf1 Rxe1+ 34. Kxe1 Bxf2+ 35. Kxf2 f5 36. Rb4 Rd6 37. g4 Kf7 38. g5 Ke6 39. Rb5 Rd2+ 40. Ke3 Rd3+ 41. Ke2 Rxh3 42. Rxb6+ Ke5 43. a4 Kf4 44. a5 Rh2+ 45. Kd1 Rh1+ 46. Kc2 Ra1 47. b4 Ke3 48. Rb7 f4 49. Rxh7 f3 50. Rf7 Ke2 51. Kc3 e3 52. Kb2 Rd1 53. a6 f2 54. b5 f1=Q 55. Rxf1 Kxf1 56. a7 Rd8 57. b6 e2 58. b7 e1=Q 59. b8=Q Rd2+ 60. Kb3 Qe3+ 61. Kc4 Qd3+ 62. Kc5 Rc2+ 63. Kb6 Qb3+ 64. Ka6 Ra2# 0-1


[Site "https://www.chess.com"]

[Event "Titled Tuesday Blitz June 21 Early 2022"]
[White "D`Arruda, Ricardo D."]
[Black "Garcia Cuenca, Victor"]
[WhiteFideId "100692"]
[BlackFideId "2250829"]
[WhiteElo "2505"]
[BlackElo "2317"]
[Result "0-1"]
[Round "10"]
[TimeControl "180+1"]
[Date "2022.06.22"]
[WhiteClock "0:00:08"]
[BlackClock "0:01:20"]

1. d4 Nf6 2. Nf3 c5 3. d5 b5 4. c4 g6 5. a4 Qa5+ 6. Nbd2 b4 7. e4 d6 8. b3 Bg7 9. Bb2 O-O 10. Be2 e5 11. dxe6 Bxe6 12. O-O Nc6 13. Qc2 Ng4 14. Bxg7 Kxg7 15. Qb2+ Nge5 16. Nxe5 dxe5 17. f4 f6 18. fxe5 fxe5 19. Nf3 Qc7 20. Rad1 Rae8 21. Rd5 Bxd5 22. exd5 Nd4 23. Ng5 Rxf1+ 24. Bxf1 Qe7 25. Ne4 Qh4 26. Qb1 Rf8 27. d6 Qf4 28. h3 Qe3+ 29. Kh2 Rxf1 30. Qxf1 Qxe4 31. d7 Ne6 32. Qd1 Qd4 33. Qf3 Qf4+ 0-1


[Site "https://www.chess.com"]

[Event "Titled Tuesday Blitz June 21 Early 2022"]
[White "Daeschler, Florian"]
[Black "Przybylski, Wojciech"]
[WhiteFideId "20678193"]
[BlackFideId "1117599"]
[WhiteElo "2221"]
[BlackElo "2133"]
[Result "1-0"]
[Round "10"]
[TimeControl "180+1"]
[Date "2022.06.22"]
[WhiteClock "0:00:09"]
[BlackClock "0:00:01"]

1. e4 e5 2. Nf3 Nc6 3. Bc4 Nf6 4. d3 Be7 5. O-O O-O 6. Re1 h6 7. Nc3 a6 8. a4 d6 9. h3 Be6 10. Nd5 Nb8 11. c3 c6 12. Nxf6+ Bxf6 13. Bxe6 fxe6 14. d4 exd4 15. cxd4 Be7 16. Be3 Nd7 17. Qb3 d5 18. exd5 exd5 19. Qxb7 Bd6 20. Qxc6 Nf6 21. Qc2 Ne4 22. Ne5 Rc8 23. Qd3 a5 24. Rac1 Qe8 25. Rxc8 Qxc8 26. Rc1 Qe8 27. Qb5 Bxe5 28. Qxd5+ Kh8 29. Qxe5 Nf6 30. Qxe8 Rxe8 31. Rc5 Rb8 32. Rb5 Ra8 33. Kf1 Kg8 34. Ke2 Kf7 35. Kd3 Ke6 36. Bd2 Nd5 37. g3 g5 38. Rxa5 Rf8 39. Ra6+ Kd7 40. Ra7+ Kc6 41. Be3 Nc7 42. b4 Nd5 43. b5+ Kb6 44. Ra6+ Kb7 45. Rxh6 Ra8 46. Ra6 Nb4+ 47. Ke4 Nxa6 48. bxa6+ Rxa6 49. Bxg5 Rxa4 50. h4 Kc6 51. h5 Kd6 52. h6 Ra7 53. Bf4+ Ke6 54. g4 Kf6 55. g5+ Kg6 56. Be3 Re7+ 57. Kd5 Rd7+ 58. Kc6 Rd8 59. d5 Kf5 60. d6 Ke6 61. Bc5 Rc8+ 62. Kb6 Rb8+ 63. Kc7 Rh8 64. g6 Rxh6 65. g7 Rh7 66. Bd4 Rh1 67. d7 Rc1+ 68. Kd8 Rg1 69. Ke8 1-0


[Site "https://www.chess.com"]

[Event "Titled Tuesday Blitz June 21 Early 2022"]
[White "Dubov, Daniil"]
[Black "Zierk, Steven"]
[WhiteFideId "24126055"]
[BlackFideId "2034255"]
[WhiteElo "2791"]
[BlackElo "2494"]
[Result "1-0"]
[Round "10"]
[TimeControl "180+1"]
[Date "2022.06.21"]
[WhiteClock "0:00:59"]
[BlackClock "0:01:48"]

1. d4 d5 2. c4 dxc4 3. e4 Nf6 4. e5 Nd5 5. Bxc4 Nc6 6. Ne2 Bf5 7. Nbc3 Nb6 8. Bb5 e6 9. O-O a6 10. Bxc6+ bxc6 11. Ng3 Bg6 12. f4 c5 13. d5 Be7 14. f5 Bxf5 15. Nxf5 exf5 16. Rxf5 O-O 17. Qf3 c4 18. Be3 Bb4 19. Rd1 Qd7 20. Ne4 Rad8 21. Nf6+ gxf6 22. Bh6 Kh8 23. Rg5 1-0


[Site "https://www.chess.com"]

[Event "Titled Tuesday Blitz June 21 Early 2022"]
[White "Durarbayli, Vasif"]
[Black "Andreikin, Dmitry"]
[WhiteFideId "13402935"]
[BlackFideId "4158814"]
[WhiteElo "2528"]
[BlackElo "2736"]
[Result "0-1"]
[Round "10"]
[TimeControl "180+1"]
[Date "2022.06.21"]
[WhiteClock "0:00:02"]
[BlackClock "0:00:59"]

1. e4 c5 2. Nf3 e6 3. d4 cxd4 4. Nxd4 Nc6 5. Bf4 d6 6. Nxc6 bxc6 7. Bd3 Rb8 8. Nd2 Rxb2 9. Nb3 d5 10. O-O Nf6 11. exd5 cxd5 12. Be5 Ba3 13. Bb5+ Bd7 14. Bxd7+ Qxd7 15. Bxb2 Bxb2 16. Rb1 Be5 17. Nc5 Qc7 18. Na6 Qc8 19. Qe2 Nd7 20. Nb4 O-O 21. Nd3 Bd6 22. h3 Qa6 23. Qd2 Rc8 24. Rfc1 Nb6 25. c3 h6 26. Nb4 Qc4 27. Qd3 Qf4 28. g3 Qg5 29. h4 Qg4 30. Kg2 Nc4 31. Nc2 Ne5 32. Qe3 Nc4 33. Qd3 Bc5 34. Qf3 Qxf3+ 35. Kxf3 Nd2+ 36. Ke2 Nxb1 37. Rxb1 Bb6 38. Rb3 Rc4 39. Nb4 Kf8 40. Nd3 Ke7 41. Nb4 Kd6 42. Nd3 Ra4 43. Rb2 Ra3 44. Rc2 Ba5 0-1


[Site "https://www.chess.com"]

[Event "Titled Tuesday Blitz June 21 Early 2022"]
[White "Fedoseev, Vladimir"]
[Black "Navara, David"]
[WhiteFideId "24130737"]
[BlackFideId "309095"]
[WhiteElo "2726"]
[BlackElo "2686"]
[Result "1-0"]
[Round "10"]
[TimeControl "180+1"]
[Date "2022.06.21"]
[WhiteClock "0:00:07"]
[BlackClock "0:00:02"]

1. e4 e5 2. Nf3 Nc6 3. Bb5 Nf6 4. d3 Bc5 5. c3 O-O 6. O-O d6 7. Nbd2 a6 8. Bxc6 bxc6 9. h3 a5 10. Re1 h6 11. Qc2 Bb6 12. Nc4 c5 13. Be3 a4 14. Nfd2 Nh5 15. Qd1 Nf6 16. Qe2 Re8 17. Rf1 Bb7 18. Rae1 d5 19. exd5 Nxd5 20. f3 f5 21. Qf2 Qe7 22. f4 exf4 23. Bxf4 Qf7 24. Be5 f4 25. Ne4 Rad8 26. Bxf4 Rf8 27. Be5 Qg6 28. Qg3 Rxf1+ 29. Rxf1 Qxg3 30. Bxg3 Ba6 31. Re1 a3 32. bxa3 Bxc4 33. dxc4 Ne7 34. Bh4 g5 35. Nxg5 Ng6 36. Ne6 Re8 37. Nd8 Rf8 38. Ne6 Re8 39. Nd8 Rf8 40. Nc6 Nxh4 41. a4 Ra8 42. Re4 Nf5 43. Rf4 Nd6 44. Ne7+ Kg7 45. Rg4+ Kf7 46. Nd5 Rxa4 47. Rf4+ Ke6 48. Rf6+ Ke5 49. Rxh6 Nxc4 50. Ne7 Rxa2 51. h4 Ne3 52. Rg6 c4 53. Kh2 Rc2 54. h5 Rxc3 55. h6 Nf1+ 56. Kh1 Rc1 57. h7 Ng3+ 58. Kh2 Rh1+ 59. Kxg3 Rxh7 60. Nc6+ Ke4 61. Rg4+ Kd3 62. Ne5+ Kc3 63. Rxc4+ Kb3 64. Re4 Re7 65. Kf3 c5 66. g4 c4 67. Nxc4 Rxe4 68. Nd2+ Kb4 69. Nxe4 Bd8 70. Kf4 Kc4 71. Ke5 Bh4 72. Nd6+ Kd3 73. Kf5 Ke3 74. Nf7 Kf3 75. Ne5+ Ke2 76. Ng6 Bd8 77. Nf4+ Kf3 78. Ne6 Be7 79. Ng5+ Ke3 80. Ne4 Bd8 81. Nf6 1-0


[Site "https://www.chess.com"]

[Event "Titled Tuesday Blitz June 21 Early 2022"]
[White "Ferreira, Vitor Hugo Vieira"]
[Black "Tica, Sven"]
[WhiteFideId "2119765"]
[BlackFideId "14526948"]
[WhiteElo "2165"]
[BlackElo "2346"]
[Result "1-0"]
[Round "10"]
[TimeControl "180+1"]
[Date "2022.06.22"]
[WhiteClock "0:01:57"]
[BlackClock "0:00:48"]

1. d4 g6 2. e4 Bg7 3. Nc3 a6 4. h4 h5 5. Nh3 b5 6. Ng5 Bb7 7. Bd3 Bxd4 8. Qf3 Nh6 9. Bd2 c5 10. O-O-O Nc6 11. Nd5 Ne5 12. Qg3 e6 13. Ne3 d6 14. f4 Nxd3+ 15. cxd3 Qe7 16. Nc2 Bg7 17. Rhf1 d5 18. f5 dxe4 19. fxe6 f5 20. dxe4 Bxe4 21. Nxe4 Qxe6 22. Nd6+ Kf8 23. Rde1 Qxa2 24. Qxg6 Kg8 25. Bc3 1-0


[Site "https://www.chess.com"]

[Event "Titled Tuesday Blitz June 21 Early 2022"]
[White "Flynn, Jacob"]
[Black "Bethke, Richard"]
[WhiteFideId "2509393"]
[BlackFideId "12959243"]
[WhiteElo "1896"]
[BlackElo "2495"]
[Result "0-1"]
[Round "10"]
[TimeControl "180+1"]
[Date "2022.06.22"]
[WhiteClock "0:00:01"]
[BlackClock "0:01:33"]

1. d4 Nf6 2. c4 e6 3. g3 d5 4. Bg2 Bb4+ 5. Nd2 O-O 6. Nf3 dxc4 7. Qc2 a5 8. Qxc4 b6 9. a3 Bd6 10. Qc2 Ba6 11. Nc4 Nbd7 12. O-O Rc8 13. Rd1 Qe7 14. e4 e5 15. dxe5 Nxe5 16. Ncxe5 Bxe5 17. Nxe5 Qxe5 18. Bf4 Qe6 19. Rd2 Bb7 20. Re1 Rfe8 21. f3 Nd5 22. Bg5 h6 23. Rde2 hxg5 24. exd5 Qd7 25. Rxe8+ Rxe8 26. Rxe8+ Qxe8 27. Qd2 Qe5 28. f4 gxf4 29. gxf4 Qf5 30. h3 g6 31. d6 Qb1+ 32. Kh2 Bxg2 33. Kg3 Bc6 0-1


[Site "https://www.chess.com"]